[ AOE2 MATCH · #483976444 ]
UnrankedKhmer vs Celts
[ REPLAY ANALYSIS · EXTRACTED FROM THE RECORDED GAME ]
Feudal
11:06
Castle
15:06
Imperial
30:17
| APM avg | 18.4 |
| APM peak | 36 |
| eAPM avg | 14.9 |
| Villagers / military | 127 / 71 |
Focus
⚔️ 21.6% · 🌾 78.4%
Battle Elephant ×67 · Trebuchet (Packed) ×4
Feudal
9:33
Castle
20:34
Imperial
32:02
| APM avg | 27.0 |
| APM peak | 55 |
| eAPM avg | 15.1 |
| Villagers / military | 135 / 118 |
Focus
⚔️ 19.2% · 🌾 80.8%
Steppe Lancer ×110 · Scout Cavalry ×5 · Battering Ram ×2 · Monk ×1
Feudal
10:59
Castle
16:20
Imperial
35:39
| APM avg | 21.7 |
| APM peak | 57 |
| eAPM avg | 13.9 |
| Villagers / military | 79 / 61 |
Focus
⚔️ 25.9% · 🌾 74.1%
Skirmisher ×26 · Woad Raider ×8 · Archer ×7 · Scorpion ×6 · Militia ×5 · Spearman ×5
Feudal
12:25
Castle
15:55
Imperial
—
| APM avg | 28.0 |
| APM peak | 71 |
| eAPM avg | 13.0 |
| Villagers / military | 81 / 39 |
Focus
⚔️ 19.6% · 🌾 80.4%
Spearman ×26 · Hussite Wagon ×8 · Mangonel ×3 · Battering Ram ×2
Feudal
10:03
Castle
15:19
Imperial
33:13
| APM avg | 25.1 |
| APM peak | 59 |
| eAPM avg | 12.8 |
| Villagers / military | 84 / 54 |
Focus
⚔️ 28.5% · 🌾 71.5%
Knight ×46 · Monk ×4 · Battering Ram ×4
Feudal
9:18
Castle
13:38
Imperial
31:59
| APM avg | 28.0 |
| APM peak | 60 |
| eAPM avg | 15.2 |
| Villagers / military | 104 / 48 |
Focus
⚔️ 25.5% · 🌾 74.5%
Conquistador ×46 · Trebuchet (Packed) ×2 · Trade Cart ×1
Feudal
13:03
Castle
17:38
Imperial
—
| APM avg | 34.7 |
| APM peak | 99 |
| eAPM avg | 14.5 |
| Villagers / military | 71 / 86 |
Focus
⚔️ 33.6% · 🌾 66.4%
Archer ×59 · Fire Lancer ×15 · Spearman ×7 · Chu Ko Nu ×5
Feudal
11:22
Castle
14:03
Imperial
33:51
| APM avg | 44.0 |
| APM peak | 77 |
| eAPM avg | 26.4 |
| Villagers / military | 138 / 117 |
Focus
⚔️ 24.8% · 🌾 75.2%
Spearman ×63 · Knight ×30 · Battle Elephant ×12 · Ballista Elephant ×10 · Trebuchet (Packed) ×2
Match map
Initial resources + every placement click. Lines = walls · curves = elevation contours. ◆ gold · ⬟ stone · ● berries · ✦ relic · ◌ wall gap
Your base· ✓ Closed at 15:06 · 0t walls · 3 gate(s)
carlar's base· ✓ Closed at 20:34 · 0t walls · 2 gate(s)
Huesped Maldito's base· ✓ Closed at 16:20 · 0t walls · 2 gate(s)
JC's base· ✓ Closed at 15:55 · 0t walls · 2 gate(s)
miguelpc89's base· ✓ Closed at 15:19 · 0t walls · 3 gate(s)
Manuel24's base· ✓ Closed at 13:38 · 0t walls · 3 gate(s)
Sniper_Wolf's base· ✓ Closed at 17:38 · 0t walls · 3 gate(s)
Marcusscus's base· ✓ Closed at 14:03 · 0t walls · 2 gate(s)
Smoothed initial terrain · ◌ = detected wall gap · hover for details
Inputs per minute
— ReBeL_persi - - carlar
Build order — ReBeL_persi
First 150 of 342 actions detected
| 0:02 | Create | Villager (Male) |
| 0:04 | Build | House |
| 0:06 | Build | House |
| 0:35 | Create | Villager (Male) |
| 0:35 | Create | Villager (Male) |
| 0:36 | Create | Villager (Male) |
| 1:34 | Create | Villager (Male) |
| 2:13 | Create | Villager (Male) |
| 2:20 | Build | Lumber Camp |
| 2:25 | Create | Villager (Male) |
| 2:58 | Create | Villager (Male) |
| 3:14 | Create | Villager (Male) |
| 3:35 | Create | Villager (Male) |
| 4:06 | Build | House |
| 4:12 | Create | Villager (Male) |
| 4:32 | Create | Villager (Male) |
| 4:59 | Create | Villager (Male) |
| 5:17 | Create | Villager (Male) |
| 5:53 | Create | Villager (Male) |
| 6:05 | Build | House |
| 6:08 | Build | Mill |
| 6:11 | Create | Villager (Male) |
| 6:35 | Create | Villager (Male) |
| 6:39 | Create | Villager (Male) |
| 6:47 | Build | Farm |
| 7:00 | Create | Villager (Male) |
| 7:21 | Build | Mining Camp |
| 7:43 | Create | Villager (Male) |
| 7:57 | Build | House |
| 8:22 | Create | Villager (Male) |
| 8:32 | Research | Feudal Age |
| 9:33 | Build | Farm |
| 9:37 | Build | Farm |
| 10:39 | Create | Villager (Male) |
| 10:55 | Create | Villager (Male) |
| 11:06 | Age | Feudal Age |
| 11:42 | Build | Mining Camp |
| 11:48 | Create | Villager (Male) |
| 12:26 | Research | Castle Age |
| 12:33 | Research | Double-Bit Axe |
| 13:05 | Research | Horse Collar |
| 13:19 | Build | House |
| 13:20 | Build | House |
| 13:34 | Build | Farm |
| 13:35 | Build | Farm |
| 13:43 | Create | Villager (Male) |
| 14:49 | Create | Villager (Male) |
| 15:06 | Age | Castle Age |
| 15:11 | Build | Town Center |
| 15:15 | Research | Bow Saw |
| 15:20 | Build | Town Center |
| 15:32 | Build | Town Center |
| 15:39 | Build | Farm |
| 15:41 | Create | Villager (Male) |
| 15:59 | Build | Farm |
| 16:02 | Create | Villager (Male) |
| 16:28 | Build | Farm |
| 16:31 | Create | Villager (Male) |
| 16:44 | Create | Villager (Male) |
| 16:51 | Build | Farm |
| 16:54 | Build | Farm |
| 16:57 | Create | Villager (Male) |
| 16:59 | Create | Villager (Male) |
| 17:01 | Create | Villager (Male) |
| 17:08 | Build | Farm |
| 17:16 | Create | Villager (Male) |
| 17:25 | Build | Farm |
| 17:27 | Build | Farm |
| 17:29 | Create | Villager (Male) |
| 17:35 | Create | Villager (Male) |
| 17:41 | Build | Farm |
| 17:44 | Research | Loom |
| 17:47 | Build | Farm |
| 17:51 | Create | Villager (Male) |
| 18:00 | Build | Farm |
| 18:02 | Create | Villager (Male) |
| 18:07 | Build | House |
| 18:09 | Build | House |
| 18:12 | Create | Villager (Male) |
| 18:21 | Create | Villager (Male) |
| 18:33 | Build | Farm |
| 18:34 | Build | Farm |
| 18:35 | Build | Farm |
| 18:38 | Create | Villager (Male) |
| 18:43 | Build | Farm |
| 18:44 | Create | Villager (Male) |
| 18:49 | Build | Farm |
| 18:52 | Create | Villager (Male) |
| 18:58 | Build | House |
| 19:00 | Create | Villager (Male) |
| 19:09 | Build | Farm |
| 19:11 | Create | Villager (Male) |
| 19:15 | Create | Villager (Male) |
| 19:18 | Build | Farm |
| 19:21 | Create | Villager (Male) |
| 19:34 | Create | Villager (Male) |
| 19:39 | Build | Farm |
| 19:43 | Create | Villager (Male) |
| 19:47 | Create | Villager (Male) |
| 19:50 | Create | Villager (Male) |
| 19:54 | Build | House |
| 19:57 | Build | Farm |
| 19:59 | Create | Villager (Male) |
| 20:03 | Create | Villager (Male) |
| 20:06 | Build | Farm |
| 20:08 | Create | Villager (Male) |
| 20:16 | Build | Farm |
| 20:18 | Build | Farm |
| 20:19 | Build | Farm |
| 20:22 | Create | Villager (Male) |
| 20:23 | Create | Villager (Male) |
| 20:27 | Build | House |
| 20:33 | Build | Farm |
| 20:34 | Build | Farm |
| 20:37 | Build | House |
| 20:38 | Create | Villager (Male) |
| 20:38 | Create | Villager (Male) |
| 20:38 | Create | Villager (Male) |
| 20:42 | Build | Farm |
| 20:45 | Build | Farm |
| 20:48 | Create | Villager (Male) |
| 20:51 | Create | Villager (Male) |
| 20:58 | Create | Villager (Male) |
| 21:03 | Build | Farm |
| 21:07 | Create | Villager (Male) |
| 21:09 | Create | Villager (Male) |
| 21:12 | Build | Farm |
| 21:14 | Build | Farm |
| 21:19 | Create | Villager (Male) |
| 21:26 | Build | Farm |
| 21:29 | Research | Wheelbarrow |
| 21:29 | Create | Villager (Male) |
| 21:29 | Create | Villager (Male) |
| 21:33 | Build | Farm |
| 21:49 | Create | Villager (Male) |
| 21:56 | Create | Villager (Male) |
| 21:56 | Create | Villager (Male) |
| 22:04 | Create | Villager (Male) |
| 22:04 | Create | Villager (Male) |
| 22:11 | Build | House |
| 22:13 | Build | House |
| 22:17 | Create | Villager (Male) |
| 22:18 | Create | Villager (Male) |
| 22:25 | Build | Farm |
| 22:26 | Build | Farm |
| 22:29 | Create | Villager (Male) |
| 22:30 | Create | Villager (Male) |
| 22:37 | Create | Villager (Male) |
| 22:43 | Build | Farm |
| 22:46 | Create | Villager (Male) |
Build order — carlar
First 150 of 347 actions detected
| 0:01 | Create | Villager (Male) |
| 0:01 | Create | Villager (Male) |
| 0:02 | Create | Villager (Male) |
| 0:02 | Create | Villager (Male) |
| 0:04 | Build | House |
| 0:07 | Build | House |
| 1:26 | Create | Villager (Male) |
| 1:39 | Create | Villager (Male) |
| 1:46 | Build | Lumber Camp |
| 2:10 | Create | Villager (Male) |
| 2:47 | Create | Villager (Male) |
| 2:47 | Create | Villager (Male) |
| 3:09 | Create | Villager (Male) |
| 3:35 | Create | Villager (Male) |
| 3:36 | Create | Villager (Male) |
| 4:04 | Build | House |
| 4:18 | Create | Villager (Male) |
| 4:18 | Create | Villager (Male) |
| 4:18 | Create | Villager (Male) |
| 4:18 | Create | Villager (Male) |
| 5:06 | Create | Villager (Male) |
| 5:16 | Create | Villager (Male) |
| 5:31 | Create | Villager (Male) |
| 6:47 | Build | Mill |
| 6:58 | Create | Villager (Male) |
| 7:17 | Research | Feudal Age |
| 9:02 | Build | House |
| 9:06 | Build | House |
| 9:33 | Age | Feudal Age |
| 9:40 | Build | Town Center |
| 9:43 | Create | Villager (Male) |
| 9:56 | Create | Villager (Male) |
| 10:13 | Build | Farm |
| 10:18 | Build | Farm |
| 10:21 | Research | Double-Bit Axe |
| 10:40 | Create | Villager (Male) |
| 10:40 | Create | Villager (Male) |
| 10:48 | Create | Villager (Male) |
| 11:09 | Create | Villager (Male) |
| 11:09 | Create | Villager (Male) |
| 11:19 | Create | Villager (Male) |
| 11:25 | Build | Farm |
| 11:27 | Create | Villager (Male) |
| 11:28 | Create | Villager (Male) |
| 11:29 | Create | Villager (Male) |
| 11:33 | Research | Horse Collar |
| 11:44 | Create | Villager (Male) |
| 11:59 | Build | Farm |
| 12:25 | Create | Villager (Male) |
| 12:32 | Build | Farm |
| 12:39 | Build | Farm |
| 12:43 | Build | Farm |
| 12:44 | Create | Villager (Male) |
| 12:50 | Build | Farm |
| 13:04 | Build | House |
| 13:08 | Build | House |
| 13:10 | Create | Villager (Male) |
| 13:15 | Build | Farm |
| 13:21 | Build | Farm |
| 13:25 | Create | Villager (Male) |
| 13:33 | Build | Farm |
| 13:37 | Build | Farm |
| 13:38 | Create | Villager (Male) |
| 13:40 | Create | Villager (Male) |
| 13:46 | Build | House |
| 13:52 | Create | Villager (Male) |
| 14:06 | Build | Farm |
| 14:13 | Build | Farm |
| 14:14 | Create | Villager (Male) |
| 14:20 | Build | Farm |
| 14:26 | Build | Farm |
| 14:27 | Create | Villager (Male) |
| 14:31 | Build | House |
| 14:32 | Build | House |
| 14:36 | Create | Villager (Male) |
| 14:44 | Build | Farm |
| 14:51 | Create | Villager (Male) |
| 15:00 | Build | Farm |
| 15:10 | Create | Villager (Male) |
| 15:15 | Create | Villager (Male) |
| 15:22 | Build | Blacksmith |
| 15:24 | Create | Villager (Male) |
| 15:33 | Create | Villager (Male) |
| 15:45 | Build | Farm |
| 15:51 | Create | Villager (Male) |
| 16:01 | Build | Market |
| 16:13 | Create | Villager (Male) |
| 16:22 | Build | Farm |
| 16:23 | Build | Farm |
| 16:24 | Build | Farm |
| 16:32 | Create | Villager (Male) |
| 16:43 | Build | Farm |
| 16:47 | Create | Villager (Male) |
| 16:48 | Create | Villager (Male) |
| 16:55 | Build | Farm |
| 17:10 | Build | Barracks |
| 17:20 | Create | Villager (Male) |
| 17:20 | Create | Villager (Male) |
| 17:29 | Build | Farm |
| 17:43 | Build | Siege Workshop |
| 17:54 | Research | Castle Age |
| 17:55 | Research | Castle Age |
| 17:59 | Create | Villager (Male) |
| 18:05 | Create | Villager (Male) |
| 18:14 | Build | House |
| 18:18 | Build | House |
| 18:20 | Build | House |
| 18:24 | Create | Villager (Male) |
| 18:24 | Create | Villager (Male) |
| 18:42 | Build | Stable |
| 18:47 | Build | Stable |
| 18:56 | Create | Villager (Male) |
| 19:01 | Build | Stable |
| 19:04 | Build | Stable |
| 19:08 | Create | Villager (Male) |
| 19:16 | Build | Mill |
| 19:20 | Build | Farm |
| 19:23 | Create | Villager (Male) |
| 19:23 | Create | Villager (Male) |
| 19:30 | Create | Villager (Male) |
| 19:44 | Build | Mining Camp |
| 20:01 | Create | Villager (Male) |
| 20:27 | Create | Villager (Male) |
| 20:34 | Age | Castle Age |
| 20:45 | Build | Town Center |
| 20:54 | Create | Steppe Lancer |
| 20:54 | Create | Steppe Lancer |
| 20:55 | Research | Bloodlines |
| 20:56 | Create | Steppe Lancer |
| 20:56 | Create | Steppe Lancer |
| 21:09 | Build | Town Center |
| 21:19 | Research | Scale Barding Armor |
| 21:34 | Create | Steppe Lancer |
| 21:34 | Create | Steppe Lancer |
| 21:44 | Create | Villager (Male) |
| 21:49 | Create | Villager (Male) |
| 21:50 | Create | Villager (Male) |
| 21:52 | Research | Wheelbarrow |
| 21:55 | Research | Loom |
| 21:57 | Create | Villager (Male) |
| 21:57 | Create | Villager (Male) |
| 22:02 | Create | Villager (Male) |
| 22:03 | Create | Villager (Male) |
| 22:03 | Create | Villager (Male) |
| 22:03 | Create | Villager (Male) |
| 22:04 | Create | Villager (Male) |
| 22:06 | Build | Farm |
| 22:12 | Create | Battering Ram |
| 22:12 | Create | Battering Ram |
| 22:14 | Research | Capped Ram (upgrade) |
Build order — Huesped Maldito
First 150 of 261 actions detected
| 0:01 | Create | Villager (Male) |
| 0:01 | Create | Villager (Male) |
| 0:01 | Create | Villager (Male) |
| 0:01 | Create | Villager (Male) |
| 0:02 | Create | Villager (Male) |
| 0:03 | Build | House |
| 0:04 | Build | House |
| 0:05 | Build | House |
| 0:06 | Build | House |
| 1:28 | Build | Mill |
| 1:32 | Create | Villager (Male) |
| 2:08 | Create | Villager (Male) |
| 2:08 | Create | Villager (Male) |
| 2:26 | Create | Villager (Male) |
| 2:26 | Create | Villager (Male) |
| 2:54 | Create | Villager (Male) |
| 3:08 | Create | Villager (Male) |
| 3:49 | Create | Villager (Male) |
| 3:50 | Create | Villager (Male) |
| 4:13 | Create | Villager (Male) |
| 4:18 | Create | Villager (Male) |
| 4:36 | Create | Villager (Male) |
| 4:38 | Create | Villager (Male) |
| 5:04 | Create | Villager (Male) |
| 5:23 | Create | Villager (Male) |
| 5:44 | Create | Villager (Male) |
| 5:44 | Create | Villager (Male) |
| 5:44 | Create | Villager (Male) |
| 6:01 | Create | Villager (Male) |
| 6:32 | Build | Lumber Camp |
| 6:41 | Build | Lumber Camp |
| 7:39 | Build | House |
| 7:40 | Build | House |
| 8:05 | Build | Farm |
| 8:29 | Research | Feudal Age |
| 9:00 | Build | Mill |
| 9:19 | Build | Farm |
| 9:25 | Build | Farm |
| 9:32 | Build | Farm |
| 9:47 | Create | Villager (Male) |
| 9:48 | Create | Villager (Male) |
| 9:48 | Create | Villager (Male) |
| 9:48 | Create | Villager (Male) |
| 9:55 | Build | Farm |
| 10:02 | Build | Farm |
| 10:40 | Build | Farm |
| 10:40 | Build | Farm |
| 10:45 | Build | Farm |
| 10:59 | Age | Feudal Age |
| 11:33 | Build | Blacksmith |
| 12:31 | Build | Market |
| 12:35 | Create | Villager (Male) |
| 12:51 | Build | Mining Camp |
| 13:40 | Research | Castle Age |
| 13:45 | Build | Barracks |
| 14:01 | Research | Double-Bit Axe |
| 14:26 | Create | Spearman |
| 14:29 | Research | Man-at-Arms (upgrade) |
| 14:32 | Build | Barracks |
| 14:41 | Build | House |
| 14:47 | Create | Militia |
| 14:54 | Create | Villager (Male) |
| 15:15 | Create | Militia |
| 15:18 | Build | House |
| 15:19 | Build | House |
| 15:43 | Create | Militia |
| 15:44 | Create | Militia |
| 15:44 | Create | Militia |
| 15:51 | Create | Villager (Male) |
| 16:20 | Age | Castle Age |
| 16:33 | Build | Siege Workshop |
| 16:41 | Build | Town Center |
| 16:53 | Research | Horse Collar |
| 17:21 | Create | Villager (Male) |
| 17:21 | Create | Villager (Male) |
| 17:21 | Create | Villager (Male) |
| 17:52 | Create | Unit 1105 |
| 17:57 | Create | Villager (Male) |
| 17:57 | Create | Villager (Male) |
| 18:22 | Create | Villager (Male) |
| 18:23 | Create | Villager (Male) |
| 18:23 | Create | Villager (Male) |
| 18:25 | Build | Farm |
| 18:25 | Build | Farm |
| 18:26 | Build | Farm |
| 18:41 | Research | Long Swordsman (upgrade) |
| 18:52 | Create | Villager (Male) |
| 18:56 | Build | Farm |
| 18:57 | Build | Farm |
| 18:57 | Build | Farm |
| 18:57 | Build | Farm |
| 18:57 | Build | Farm |
| 19:43 | Research | Wheelbarrow |
| 19:48 | Create | Villager (Male) |
| 19:48 | Create | Villager (Male) |
| 19:57 | Build | Farm |
| 19:57 | Build | Farm |
| 19:58 | Build | Farm |
| 19:58 | Build | Farm |
| 19:58 | Build | Farm |
| 19:58 | Build | Farm |
| 20:11 | Create | Villager (Male) |
| 20:11 | Create | Villager (Male) |
| 20:11 | Create | Villager (Male) |
| 20:12 | Create | Villager (Male) |
| 20:12 | Create | Villager (Male) |
| 20:54 | Research | Gambesons |
| 21:34 | Research | Town Watch |
| 21:37 | Research | Pikeman (upgrade) |
| 21:41 | Build | Siege Workshop |
| 21:42 | Build | Siege Workshop |
| 21:48 | Create | Villager (Male) |
| 21:48 | Create | Villager (Male) |
| 21:48 | Create | Villager (Male) |
| 21:51 | Build | Mill |
| 21:59 | Create | Villager (Male) |
| 22:51 | Build | Town Center |
| 22:54 | Create | Villager (Male) |
| 22:54 | Create | Villager (Male) |
| 22:55 | Create | Villager (Male) |
| 22:55 | Create | Villager (Male) |
| 22:55 | Create | Villager (Male) |
| 22:55 | Create | Villager (Male) |
| 23:03 | Build | House |
| 23:03 | Build | House |
| 23:03 | Build | House |
| 23:03 | Build | House |
| 23:04 | Build | House |
| 23:04 | Build | House |
| 23:04 | Build | House |
| 23:06 | Build | House |
| 23:39 | Research | Heavy Plow |
| 23:54 | Research | Bow Saw |
| 24:01 | Create | Scorpion ×4 |
| 24:07 | Create | Spearman ×4 |
| 24:26 | Create | Villager (Male) |
| 24:26 | Create | Villager (Male) |
| 24:32 | Build | Farm |
| 24:32 | Build | Farm |
| 24:32 | Build | Farm |
| 24:33 | Build | Farm |
| 24:33 | Build | Farm |
| 24:33 | Build | Farm |
| 25:00 | Create | Mangonel |
| 25:04 | Create | Scorpion |
| 25:29 | Create | Scorpion |
| 25:37 | Build | Archery Range |
| 25:41 | Research | Fletching |
| 25:42 | Research | Padded Archer Armor |
| 25:50 | Create | Villager (Male) |
Build order — JC
First 150 of 222 actions detected
| 0:04 | Create | Villager (Male) |
| 0:04 | Create | Villager (Male) |
| 0:04 | Create | Villager (Male) |
| 0:07 | Build | House |
| 0:08 | Build | House |
| 0:36 | Create | Villager (Male) |
| 1:31 | Create | Villager (Male) |
| 2:06 | Create | Villager (Male) |
| 2:40 | Create | Villager (Male) |
| 3:08 | Create | Villager (Male) |
| 3:19 | Create | Villager (Male) |
| 3:23 | Build | Lumber Camp |
| 4:03 | Build | House |
| 4:08 | Create | Villager (Male) |
| 4:09 | Create | Villager (Male) |
| 4:37 | Create | Villager (Male) |
| 4:37 | Create | Villager (Male) |
| 4:41 | Create | Villager (Male) |
| 5:05 | Create | Villager (Male) |
| 5:53 | Create | Villager (Male) |
| 6:18 | Build | Mill |
| 6:22 | Build | House |
| 6:27 | Create | Villager (Male) |
| 7:20 | Create | Villager (Male) |
| 7:20 | Create | Villager (Male) |
| 7:47 | Create | Villager (Male) |
| 7:51 | Build | House |
| 8:16 | Create | Villager (Male) |
| 8:16 | Create | Villager (Male) |
| 8:30 | Build | Farm |
| 8:31 | Build | Farm |
| 8:31 | Build | Farm |
| 8:55 | Build | Mining Camp |
| 9:03 | Create | Villager (Male) |
| 9:04 | Create | Villager (Male) |
| 9:06 | Research | Feudal Age |
| 9:06 | Create | Villager (Male) |
| 9:07 | Create | Villager (Male) |
| 9:37 | Build | Mining Camp |
| 11:02 | Build | Farm |
| 12:25 | Age | Feudal Age |
| 12:27 | Build | Market |
| 12:30 | Build | Blacksmith |
| 12:54 | Research | Double-Bit Axe |
| 13:04 | Research | Horse Collar |
| 13:15 | Research | Castle Age |
| 13:49 | Build | House |
| 13:59 | Create | Villager (Male) |
| 14:00 | Create | Villager (Male) |
| 14:30 | Build | Barracks |
| 14:39 | Build | Farm |
| 14:43 | Build | Farm |
| 15:34 | Build | House |
| 15:55 | Age | Castle Age |
| 16:06 | Create | Villager (Male) |
| 16:12 | Research | Bow Saw |
| 16:14 | Create | Spearman |
| 16:15 | Create | Spearman |
| 16:22 | Research | Loom |
| 16:59 | Build | Castle |
| 17:04 | Create | Villager (Male) |
| 17:04 | Create | Villager (Male) |
| 17:15 | Build | Siege Workshop |
| 17:25 | Create | Villager (Male) |
| 17:58 | Build | Town Center |
| 18:10 | Create | Hussite Wagon |
| 18:10 | Create | Hussite Wagon |
| 18:23 | Create | Villager (Male) |
| 18:37 | Create | Battering Ram |
| 18:38 | Create | Battering Ram |
| 18:49 | Create | Villager (Male) |
| 18:52 | Create | Villager (Male) |
| 18:56 | Build | Farm |
| 19:07 | Build | Farm |
| 19:23 | Create | Villager (Male) |
| 19:32 | Create | Villager (Male) |
| 19:35 | Create | Villager (Male) |
| 19:48 | Create | Hussite Wagon |
| 20:10 | Create | Mangonel |
| 20:12 | Create | Villager (Male) |
| 20:13 | Create | Villager (Male) |
| 20:17 | Build | Farm |
| 20:18 | Build | Farm |
| 20:18 | Build | Farm |
| 20:18 | Build | Farm |
| 20:38 | Create | Hussite Wagon |
| 20:52 | Create | Villager (Male) |
| 20:56 | Build | Farm |
| 21:03 | Build | Farm |
| 21:19 | Create | Hussite Wagon |
| 21:37 | Create | Hussite Wagon |
| 22:03 | Create | Villager (Male) |
| 22:04 | Create | Villager (Male) |
| 22:05 | Create | Villager (Male) |
| 22:05 | Create | Villager (Male) |
| 22:15 | Create | Mangonel |
| 22:34 | Create | Mangonel |
| 22:37 | Create | Villager (Male) |
| 22:38 | Create | Villager (Male) |
| 22:44 | Build | Farm |
| 22:50 | Build | Farm |
| 22:50 | Build | Farm |
| 23:32 | Create | Villager (Male) |
| 23:33 | Create | Villager (Male) |
| 23:38 | Create | Hussite Wagon |
| 23:39 | Create | Hussite Wagon |
| 23:57 | Create | Villager (Male) |
| 23:58 | Create | Villager (Male) |
| 24:05 | Build | Farm |
| 24:09 | Build | Farm |
| 24:11 | Build | Farm |
| 24:13 | Build | Farm |
| 24:28 | Build | Lumber Camp |
| 24:40 | Create | Villager (Male) |
| 24:41 | Create | Villager (Male) |
| 24:43 | Create | Villager (Male) |
| 24:43 | Create | Villager (Male) |
| 24:48 | Build | Farm |
| 25:00 | Build | University |
| 25:03 | Create | Villager (Male) |
| 25:19 | Create | Spearman |
| 25:19 | Create | Spearman |
| 25:26 | Create | Villager (Male) |
| 25:30 | Build | Farm |
| 25:37 | Build | Farm |
| 25:39 | Build | Farm |
| 25:39 | Build | Farm |
| 25:48 | Build | Farm |
| 25:50 | Create | Villager (Male) |
| 25:51 | Create | Villager (Male) |
| 26:04 | Build | House |
| 26:06 | Build | House |
| 26:06 | Build | House |
| 26:23 | Research | Murder Holes |
| 26:34 | Research | Fletching |
| 26:42 | Create | Villager (Male) |
| 26:42 | Create | Villager (Male) |
| 26:46 | Build | Town Center |
| 27:11 | Research | Pikeman (upgrade) |
| 27:28 | Build | Barracks |
| 27:29 | Build | Barracks |
| 27:43 | Research | Scale Mail Armor |
| 27:47 | Create | Spearman |
| 27:48 | Create | Spearman |
| 28:17 | Create | Spearman |
| 28:22 | Create | Spearman |
| 28:23 | Create | Spearman |
| 28:26 | Create | Villager (Male) |
| 28:27 | Create | Villager (Male) |
| 28:28 | Create | Villager (Male) |
Build order — miguelpc89
First 150 of 253 actions detected
| 0:09 | Build | House |
| 0:11 | Build | House |
| 0:20 | Create | Villager (Male) |
| 0:20 | Create | Villager (Male) |
| 0:20 | Create | Villager (Male) |
| 0:20 | Create | Villager (Male) |
| 0:21 | Create | Villager (Male) |
| 0:27 | Create | Villager (Male) |
| 1:52 | Create | Villager (Male) |
| 1:53 | Create | Villager (Male) |
| 3:01 | Create | Villager (Male) |
| 3:01 | Create | Villager (Male) |
| 3:33 | Build | Lumber Camp |
| 4:10 | Create | Villager (Male) |
| 4:37 | Create | Villager (Male) |
| 4:38 | Create | Villager (Male) |
| 4:38 | Create | Villager (Male) |
| 5:09 | Research | Loom |
| 5:10 | Create | Villager (Male) |
| 5:14 | Build | House |
| 5:28 | Create | Villager (Male) |
| 5:29 | Create | Villager (Male) |
| 6:12 | Create | Villager (Male) |
| 6:12 | Create | Villager (Male) |
| 6:17 | Build | Mill |
| 6:26 | Create | Villager (Male) |
| 7:53 | Research | Feudal Age |
| 8:14 | Build | Mining Camp |
| 9:39 | Create | Villager (Male) |
| 9:39 | Create | Villager (Male) |
| 10:00 | Build | House |
| 10:03 | Age | Feudal Age |
| 10:16 | Research | Double-Bit Axe |
| 10:17 | Create | Villager (Male) |
| 10:28 | Build | Blacksmith |
| 10:35 | Create | Villager (Male) |
| 10:56 | Create | Villager (Male) |
| 11:15 | Build | Market |
| 11:26 | Build | Farm |
| 12:17 | Create | Villager (Male) |
| 12:28 | Build | House |
| 12:39 | Research | Castle Age |
| 13:07 | Build | Farm |
| 13:08 | Research | Horse Collar |
| 14:22 | Build | Farm |
| 14:23 | Build | Farm |
| 14:26 | Build | Farm |
| 14:35 | Build | Farm |
| 14:38 | Create | Villager (Male) |
| 14:38 | Create | Villager (Male) |
| 15:19 | Age | Castle Age |
| 15:23 | Build | House |
| 15:27 | Build | House |
| 15:34 | Build | Monastery |
| 15:43 | Create | Villager (Male) |
| 16:05 | Build | Farm |
| 16:10 | Create | Monk |
| 16:12 | Create | Monk |
| 16:36 | Create | Villager (Male) |
| 16:36 | Create | Villager (Male) |
| 16:51 | Build | Town Center |
| 17:08 | Build | Farm |
| 17:09 | Build | Farm |
| 17:15 | Build | Farm |
| 17:42 | Create | Villager (Male) |
| 17:42 | Create | Villager (Male) |
| 17:42 | Create | Villager (Male) |
| 17:56 | Build | Farm |
| 17:59 | Build | Farm |
| 18:01 | Build | Farm |
| 18:30 | Create | Monk |
| 18:33 | Create | Villager (Male) |
| 18:33 | Create | Villager (Male) |
| 18:43 | Build | Lumber Camp |
| 18:59 | Create | Villager (Male) |
| 19:00 | Create | Villager (Male) |
| 19:05 | Build | Farm |
| 19:07 | Create | Villager (Male) |
| 19:51 | Build | Barracks |
| 19:54 | Build | House |
| 19:55 | Build | House |
| 19:57 | Create | Villager (Male) |
| 19:58 | Create | Villager (Male) |
| 19:59 | Create | Villager (Male) |
| 20:00 | Create | Villager (Male) |
| 20:05 | Build | Farm |
| 20:06 | Build | Farm |
| 20:15 | Research | Fervor |
| 20:40 | Build | Stable |
| 20:44 | Create | Villager (Male) |
| 20:45 | Create | Villager (Male) |
| 20:50 | Build | Farm |
| 20:54 | Build | House |
| 20:59 | Create | Villager (Male) |
| 20:59 | Create | Villager (Male) |
| 21:15 | Build | Town Center |
| 21:22 | Build | Town Center |
| 21:26 | Build | Farm |
| 21:28 | Create | Villager (Male) |
| 21:28 | Create | Villager (Male) |
| 21:29 | Create | Villager (Male) |
| 21:40 | Build | House |
| 21:43 | Create | Knight |
| 21:44 | Create | Knight |
| 21:44 | Create | Knight |
| 21:54 | Create | Villager (Male) |
| 21:54 | Create | Villager (Male) |
| 22:00 | Build | Farm |
| 22:04 | Build | Farm |
| 22:05 | Build | Farm |
| 22:06 | Build | Farm |
| 22:16 | Build | House |
| 22:18 | Build | House |
| 22:23 | Research | Forging |
| 22:27 | Build | Stable |
| 22:31 | Create | Villager (Male) |
| 22:31 | Create | Villager (Male) |
| 22:32 | Create | Villager (Male) |
| 22:32 | Create | Villager (Male) |
| 23:00 | Create | Monk |
| 23:03 | Create | Villager (Male) |
| 23:04 | Create | Villager (Male) |
| 23:05 | Create | Villager (Male) |
| 23:05 | Create | Villager (Male) |
| 23:14 | Create | Knight |
| 23:14 | Create | Knight |
| 23:42 | Create | Villager (Male) |
| 23:43 | Create | Villager (Male) |
| 23:45 | Build | Farm |
| 23:47 | Build | Farm |
| 23:49 | Build | Farm |
| 23:53 | Build | Farm |
| 23:54 | Build | Farm |
| 23:54 | Build | Farm |
| 23:54 | Build | Farm |
| 23:54 | Build | Farm |
| 24:00 | Build | Farm |
| 24:02 | Create | Villager (Male) |
| 24:04 | Create | Villager (Male) |
| 24:09 | Build | Farm |
| 24:10 | Build | Farm |
| 24:11 | Build | Farm |
| 24:13 | Build | Farm |
| 24:15 | Build | Farm |
| 25:05 | Create | Knight |
| 25:05 | Create | Knight |
| 25:05 | Create | Knight |
| 25:06 | Create | Knight |
| 25:09 | Build | House |
| 25:10 | Build | House |
Build order — Manuel24
First 150 of 251 actions detected
| 0:01 | Create | Villager (Male) |
| 0:02 | Create | Villager (Male) |
| 0:02 | Create | Villager (Male) |
| 0:02 | Create | Villager (Male) |
| 0:07 | Build | House |
| 0:31 | Build | House |
| 0:36 | Build | House |
| 1:34 | Create | Villager (Male) |
| 1:34 | Create | Villager (Male) |
| 2:00 | Build | Lumber Camp |
| 2:05 | Create | Villager (Male) |
| 2:05 | Create | Villager (Male) |
| 2:32 | Create | Villager (Male) |
| 2:33 | Create | Villager (Male) |
| 2:55 | Create | Villager (Male) |
| 2:55 | Create | Villager (Male) |
| 2:56 | Create | Villager (Male) |
| 3:39 | Create | Villager (Male) |
| 3:39 | Create | Villager (Male) |
| 3:59 | Create | Villager (Male) |
| 4:34 | Create | Villager (Male) |
| 4:34 | Create | Villager (Male) |
| 4:35 | Create | Villager (Male) |
| 5:21 | Create | Villager (Male) |
| 5:29 | Build | House |
| 5:37 | Build | Mill |
| 5:40 | Create | Villager (Male) |
| 5:41 | Create | Villager (Male) |
| 6:23 | Create | Villager (Male) |
| 7:00 | Research | Feudal Age |
| 7:14 | Build | Mining Camp |
| 8:28 | Create | Villager (Male) |
| 8:28 | Create | Villager (Male) |
| 8:28 | Create | Villager (Male) |
| 9:18 | Age | Feudal Age |
| 9:25 | Build | Market |
| 10:22 | Build | Blacksmith |
| 10:32 | Create | Villager (Male) |
| 10:58 | Research | Castle Age |
| 11:26 | Build | Mining Camp |
| 12:51 | Research | Double-Bit Axe |
| 13:26 | Research | Wheelbarrow |
| 13:38 | Age | Castle Age |
| 13:56 | Build | Town Center |
| 14:22 | Build | House |
| 14:56 | Create | Villager (Male) |
| 14:57 | Create | Villager (Male) |
| 15:03 | Build | Farm |
| 15:04 | Build | Farm |
| 15:23 | Build | Castle |
| 15:30 | Build | Farm |
| 15:30 | Build | Farm |
| 15:30 | Build | Farm |
| 15:45 | Build | Farm |
| 15:48 | Build | Farm |
| 16:16 | Build | Farm |
| 16:18 | Build | Farm |
| 16:35 | Create | Villager (Male) |
| 16:41 | Build | Farm |
| 17:02 | Build | Farm |
| 17:03 | Create | Villager (Male) |
| 17:05 | Create | Villager (Male) |
| 17:06 | Create | Villager (Male) |
| 17:18 | Build | Farm |
| 17:28 | Create | Conquistador |
| 17:40 | Build | Farm |
| 17:42 | Create | Villager (Male) |
| 17:54 | Build | Farm |
| 17:58 | Create | Villager (Male) |
| 18:09 | Create | Villager (Male) |
| 18:14 | Build | Farm |
| 18:25 | Create | Villager (Male) |
| 18:29 | Create | Villager (Male) |
| 18:37 | Build | Farm |
| 18:39 | Create | Villager (Male) |
| 18:56 | Create | Trade Cart |
| 19:04 | Create | Conquistador |
| 19:10 | Create | Conquistador |
| 19:12 | Create | Villager (Male) |
| 19:13 | Create | Villager (Male) |
| 19:19 | Build | Farm |
| 19:19 | Build | Farm |
| 19:31 | Research | Horse Collar |
| 19:33 | Create | Villager (Male) |
| 19:45 | Create | Conquistador |
| 19:54 | Create | Villager (Male) |
| 20:01 | Build | Farm |
| 20:06 | Build | Farm |
| 20:08 | Create | Villager (Male) |
| 20:12 | Create | Villager (Male) |
| 20:21 | Create | Conquistador |
| 20:31 | Create | Villager (Male) |
| 20:35 | Create | Villager (Male) |
| 20:56 | Create | Conquistador |
| 20:58 | Create | Villager (Male) |
| 21:00 | Create | Villager (Male) |
| 21:13 | Create | Villager (Male) |
| 21:14 | Create | Villager (Male) |
| 21:31 | Create | Villager (Male) |
| 21:33 | Create | Villager (Male) |
| 21:36 | Create | Conquistador |
| 21:36 | Create | Conquistador |
| 21:54 | Create | Villager (Male) |
| 22:00 | Create | Villager (Male) |
| 22:07 | Build | Mill |
| 22:29 | Build | House |
| 22:55 | Create | Villager (Male) |
| 22:56 | Create | Villager (Male) |
| 23:00 | Build | House |
| 23:02 | Create | Villager (Male) |
| 23:05 | Create | Conquistador |
| 23:05 | Create | Conquistador |
| 23:10 | Create | Villager (Male) |
| 23:11 | Create | Villager (Male) |
| 23:15 | Research | Heavy Plow |
| 23:29 | Create | Conquistador |
| 23:29 | Create | Conquistador |
| 23:39 | Build | Farm |
| 23:39 | Build | Farm |
| 23:39 | Build | Farm |
| 23:39 | Build | Farm |
| 23:39 | Build | Farm |
| 23:40 | Build | Farm |
| 23:40 | Build | Farm |
| 23:40 | Build | Farm |
| 23:41 | Build | Farm |
| 23:41 | Build | Farm |
| 23:41 | Build | Farm |
| 23:41 | Build | Farm |
| 23:47 | Create | Villager (Male) |
| 23:48 | Create | Villager (Male) |
| 24:03 | Build | Farm |
| 24:11 | Build | House |
| 24:15 | Build | House |
| 24:30 | Create | Conquistador |
| 25:33 | Create | Conquistador |
| 25:33 | Create | Conquistador |
| 25:34 | Create | Conquistador |
| 25:39 | Build | Castle |
| 25:58 | Build | Farm |
| 26:00 | Create | Villager (Male) |
| 26:00 | Create | Villager (Male) |
| 26:00 | Create | Villager (Male) |
| 26:04 | Create | Villager (Male) |
| 26:04 | Create | Villager (Male) |
| 26:04 | Create | Villager (Male) |
| 26:06 | Research | Bow Saw |
| 26:12 | Research | Loom |
| 26:39 | Create | Conquistador |
| 26:40 | Create | Conquistador |
Build order — Sniper_Wolf
First 150 of 229 actions detected
| 0:03 | Research | Loom |
| 0:08 | Build | House |
| 0:17 | Build | House |
| 1:12 | Create | Villager (Male) |
| 1:43 | Create | Villager (Male) |
| 2:08 | Create | Villager (Male) |
| 2:56 | Create | Villager (Male) |
| 2:56 | Create | Villager (Male) |
| 2:56 | Create | Villager (Male) |
| 3:32 | Create | Villager (Male) |
| 3:55 | Create | Villager (Male) |
| 4:11 | Create | Villager (Male) |
| 4:46 | Build | House |
| 4:49 | Build | House |
| 4:58 | Create | Villager (Male) |
| 4:58 | Create | Villager (Male) |
| 5:07 | Build | Mill |
| 5:12 | Create | Villager (Male) |
| 5:22 | Build | Lumber Camp |
| 5:53 | Create | Villager (Male) |
| 5:53 | Create | Villager (Male) |
| 5:54 | Create | Villager (Male) |
| 5:54 | Create | Villager (Male) |
| 7:03 | Create | Villager (Male) |
| 7:03 | Create | Villager (Male) |
| 7:04 | Create | Villager (Male) |
| 7:33 | Create | Villager (Male) |
| 8:09 | Build | Lumber Camp |
| 8:13 | Create | Villager (Male) |
| 9:09 | Create | Villager (Male) |
| 9:10 | Create | Villager (Male) |
| 9:10 | Create | Villager (Male) |
| 9:10 | Create | Villager (Male) |
| 9:11 | Create | Villager (Male) |
| 9:11 | Create | Villager (Male) |
| 10:01 | Build | Mining Camp |
| 10:10 | Research | Feudal Age |
| 10:15 | Create | Villager (Male) |
| 10:26 | Research | Feudal Age |
| 11:51 | Build | Barracks |
| 12:05 | Build | Farm |
| 12:12 | Build | Farm |
| 12:19 | Create | Villager (Male) |
| 13:03 | Age | Feudal Age |
| 13:10 | Build | Archery Range |
| 13:15 | Build | Blacksmith |
| 13:18 | Create | Villager (Male) |
| 13:35 | Create | Villager (Male) |
| 14:03 | Build | House |
| 14:09 | Create | Villager (Male) |
| 14:23 | Build | House |
| 14:24 | Build | House |
| 14:24 | Build | House |
| 14:40 | Build | Farm |
| 14:43 | Build | Farm |
| 14:48 | Build | Farm |
| 14:51 | Build | Farm |
| 14:56 | Build | Farm |
| 14:58 | Research | Castle Age |
| 15:02 | Build | Farm |
| 15:05 | Build | Farm |
| 15:08 | Build | Farm |
| 15:11 | Build | Farm |
| 15:50 | Build | Mining Camp |
| 16:05 | Research | Double-Bit Axe |
| 16:18 | Research | Horse Collar |
| 16:36 | Build | Farm |
| 16:54 | Create | Villager (Male) |
| 17:00 | Research | Gold Mining |
| 17:01 | Research | Gold Mining |
| 17:11 | Create | Archer |
| 17:12 | Create | Archer |
| 17:37 | Build | Archery Range |
| 17:38 | Age | Castle Age |
| 17:45 | Research | Crossbowman (upgrade) |
| 17:45 | Research | Crossbowman (upgrade) |
| 18:00 | Create | Archer |
| 18:00 | Create | Archer |
| 18:00 | Create | Archer |
| 18:06 | Research | Fletching |
| 18:24 | Build | Mining Camp |
| 18:26 | Create | Villager (Male) |
| 18:26 | Create | Villager (Male) |
| 18:26 | Create | Villager (Male) |
| 18:26 | Create | Villager (Male) |
| 18:26 | Create | Villager (Male) |
| 18:26 | Create | Villager (Male) |
| 18:42 | Research | Crossbowman (upgrade) |
| 18:47 | Create | Archer |
| 18:47 | Create | Archer |
| 18:47 | Create | Archer |
| 18:47 | Create | Archer |
| 18:48 | Create | Archer |
| 18:56 | Create | Spearman |
| 18:56 | Create | Spearman |
| 19:08 | Create | Villager (Male) |
| 19:17 | Build | Town Center |
| 19:31 | Build | Farm |
| 19:37 | Build | Farm |
| 19:39 | Create | Archer |
| 19:39 | Create | Archer |
| 19:40 | Create | Archer |
| 20:00 | Create | Spearman |
| 20:00 | Create | Spearman |
| 20:57 | Create | Spearman |
| 20:57 | Create | Spearman |
| 20:57 | Create | Spearman |
| 21:01 | Create | Archer |
| 21:02 | Create | Archer |
| 21:05 | Create | Archer ×3 |
| 21:09 | Research | Wheelbarrow |
| 21:42 | Create | Archer |
| 21:43 | Create | Archer |
| 22:21 | Create | Fire Lancer |
| 22:40 | Build | Town Center |
| 22:43 | Research | Bow Saw |
| 22:50 | Create | Archer |
| 22:50 | Create | Archer |
| 23:26 | Create | Archer |
| 23:26 | Create | Archer |
| 23:35 | Create | Villager (Male) |
| 23:35 | Create | Villager (Male) |
| 23:35 | Create | Villager (Male) |
| 23:52 | Create | Archer |
| 23:52 | Create | Archer |
| 24:12 | Create | Villager (Male) |
| 24:13 | Create | Villager (Male) |
| 24:13 | Create | Villager (Male) |
| 24:54 | Create | Archer |
| 24:54 | Create | Archer |
| 24:54 | Create | Archer |
| 25:32 | Create | Villager (Male) |
| 25:33 | Create | Villager (Male) |
| 25:35 | Create | Villager (Male) |
| 25:46 | Build | Market |
| 25:53 | Build | Monastery |
| 25:58 | Create | Archer |
| 25:58 | Create | Archer |
| 25:59 | Create | Archer |
| 25:59 | Create | Archer |
| 26:08 | Research | Town Watch |
| 26:16 | Build | Farm |
| 26:24 | Build | Farm |
| 26:31 | Build | Farm |
| 26:36 | Build | Farm |
| 26:42 | Create | Villager (Male) |
| 26:42 | Create | Villager (Male) |
| 26:43 | Create | Villager (Male) |
| 26:43 | Create | Villager (Male) |
| 26:43 | Create | Villager (Male) |
Build order — Marcusscus
First 150 of 385 actions detected
| 0:03 | Create | Villager (Male) |
| 0:03 | Create | Villager (Male) |
| 0:05 | Build | House |
| 0:07 | Build | House |
| 0:28 | Create | Villager (Male) |
| 0:49 | Create | Villager (Male) |
| 0:49 | Create | Villager (Male) |
| 1:34 | Create | Villager (Male) |
| 1:34 | Create | Villager (Male) |
| 2:03 | Create | Villager (Male) |
| 2:03 | Create | Villager (Male) |
| 2:03 | Create | Villager (Male) |
| 2:38 | Build | Lumber Camp |
| 2:41 | Build | House |
| 2:44 | Create | Villager (Male) |
| 2:46 | Create | Villager (Male) |
| 2:46 | Create | Villager (Male) |
| 3:01 | Create | Villager (Male) |
| 3:01 | Create | Villager (Male) |
| 3:39 | Create | Villager (Male) |
| 3:47 | Create | Villager (Male) |
| 3:47 | Create | Villager (Male) |
| 4:17 | Create | Villager (Male) |
| 5:12 | Build | House |
| 5:27 | Create | Villager (Male) |
| 5:27 | Create | Villager (Male) |
| 5:42 | Create | Villager (Male) |
| 5:55 | Create | Villager (Male) |
| 5:59 | Build | Mill |
| 6:23 | Create | Villager (Male) |
| 6:31 | Build | House |
| 6:36 | Build | House |
| 6:45 | Build | House |
| 7:03 | Create | Villager (Male) |
| 7:45 | Create | Villager (Male) |
| 7:46 | Create | Villager (Male) |
| 7:59 | Create | Villager (Male) |
| 8:36 | Build | Farm |
| 9:02 | Build | Farm |
| 9:09 | Research | Feudal Age |
| 9:21 | Build | Farm |
| 9:50 | Build | Farm |
| 9:54 | Build | Farm |
| 10:06 | Build | Farm |
| 10:19 | Build | Farm |
| 10:55 | Build | Farm |
| 11:22 | Age | Feudal Age |
| 11:23 | Research | Castle Age |
| 11:23 | Research | Castle Age |
| 11:39 | Research | Double-Bit Axe |
| 12:48 | Create | Villager (Male) |
| 12:48 | Create | Villager (Male) |
| 13:39 | Build | House |
| 14:03 | Age | Castle Age |
| 14:09 | Build | Town Center |
| 14:12 | Create | Villager (Male) |
| 14:12 | Create | Villager (Male) |
| 14:18 | Build | Town Center |
| 14:20 | Create | Villager (Male) |
| 14:36 | Create | Villager (Male) |
| 14:50 | Create | Villager (Male) |
| 15:00 | Research | Horse Collar |
| 15:19 | Build | House |
| 15:23 | Create | Villager (Male) |
| 15:23 | Create | Villager (Male) |
| 15:31 | Create | Villager (Male) |
| 15:31 | Create | Villager (Male) |
| 15:32 | Create | Villager (Male) |
| 15:38 | Create | Villager (Male) |
| 15:46 | Build | Farm |
| 15:54 | Create | Villager (Male) |
| 15:56 | Build | House |
| 15:58 | Create | Villager (Male) |
| 15:58 | Create | Villager (Male) |
| 16:04 | Build | Farm |
| 16:05 | Create | Villager (Male) |
| 16:05 | Create | Villager (Male) |
| 16:20 | Build | Mining Camp |
| 16:26 | Create | Villager (Male) |
| 16:26 | Create | Villager (Male) |
| 16:30 | Build | House |
| 16:33 | Build | House |
| 16:36 | Create | Villager (Male) |
| 16:36 | Create | Villager (Male) |
| 16:50 | Create | Villager (Male) |
| 16:50 | Create | Villager (Male) |
| 17:03 | Build | Farm |
| 17:05 | Create | Villager (Male) |
| 17:07 | Build | Farm |
| 17:09 | Build | Farm |
| 17:11 | Create | Villager (Male) |
| 17:12 | Create | Villager (Male) |
| 17:12 | Create | Villager (Male) |
| 17:14 | Build | House |
| 17:22 | Build | Farm |
| 17:22 | Create | Villager (Male) |
| 17:23 | Create | Villager (Male) |
| 17:35 | Create | Villager (Male) |
| 17:36 | Create | Villager (Male) |
| 17:38 | Build | Farm |
| 17:50 | Create | Villager (Male) |
| 17:58 | Create | Villager (Male) |
| 17:58 | Create | Villager (Male) |
| 18:00 | Build | Stable |
| 18:03 | Build | House |
| 18:08 | Create | Villager (Male) |
| 18:08 | Create | Villager (Male) |
| 18:23 | Build | Blacksmith |
| 18:25 | Create | Villager (Male) |
| 18:25 | Create | Villager (Male) |
| 18:25 | Create | Villager (Male) |
| 18:33 | Build | Farm |
| 18:45 | Build | Farm |
| 19:09 | Build | Farm |
| 19:09 | Create | Villager (Male) |
| 19:10 | Create | Villager (Male) |
| 19:10 | Create | Villager (Male) |
| 19:20 | Build | House |
| 19:21 | Create | Villager (Male) |
| 19:22 | Create | Villager (Male) |
| 19:33 | Research | Loom |
| 19:36 | Create | Villager (Male) |
| 19:36 | Create | Villager (Male) |
| 19:45 | Research | Scale Barding Armor |
| 19:58 | Research | Bloodlines |
| 19:58 | Research | Bloodlines |
| 20:01 | Build | Stable |
| 20:07 | Build | Farm |
| 20:08 | Create | Villager (Male) |
| 20:18 | Build | Farm |
| 20:28 | Build | Mining Camp |
| 20:34 | Research | Husbandry |
| 20:34 | Research | Husbandry |
| 20:42 | Research | Forging |
| 20:43 | Create | Knight |
| 20:43 | Create | Knight |
| 20:43 | Create | Knight |
| 20:44 | Create | Knight |
| 20:44 | Create | Knight |
| 20:54 | Build | House |
| 20:55 | Build | House |
| 20:56 | Create | Villager (Male) |
| 20:56 | Create | Villager (Male) |
| 20:56 | Create | Villager (Male) |
| 21:00 | Create | Villager (Male) |
| 21:01 | Create | Villager (Male) |
| 21:01 | Create | Villager (Male) |
| 21:12 | Create | Knight |
| 21:12 | Create | Knight |
| 21:12 | Create | Knight |
Match timeline
| 9:18 | Manuel24 · age_up feudal |
| 9:33 | carlar · age_up feudal |
| 10:03 | miguelpc89 · age_up feudal |
| 10:59 | Huesped Maldito · age_up feudal |
| 11:06 | ReBeL_persi · age_up feudal |
| 11:22 | Marcusscus · age_up feudal |
| 11:51 | Sniper_Wolf · first_building Barracks |
| 12:25 | JC · age_up feudal |
| 13:03 | Sniper_Wolf · age_up feudal |
| 13:10 | Sniper_Wolf · first_building Archery Range |
| 13:38 | Huesped Maldito · first_market_sell 100 food |
| 13:38 | Manuel24 · age_up castle |
| 13:45 | Huesped Maldito · first_building Barracks |
| 14:03 | Marcusscus · age_up castle |
| 14:30 | JC · first_building Barracks |
| 15:06 | ReBeL_persi · age_up castle |
| 15:19 | miguelpc89 · age_up castle |
| 15:23 | Manuel24 · first_building Castle |
| 15:34 | miguelpc89 · first_building Monastery |
| 15:55 | JC · age_up castle |
| 16:20 | Huesped Maldito · age_up castle |
| 16:33 | Huesped Maldito · first_building Siege Workshop |
| 16:52 | Huesped Maldito · first_market_buy 100 wood |
| 16:59 | JC · first_building Castle |
| 17:10 | carlar · first_building Barracks |
| 17:15 | JC · first_building Siege Workshop |
| 17:38 | Sniper_Wolf · age_up castle |
| 17:43 | carlar · first_building Siege Workshop |
| 18:00 | Marcusscus · first_building Stable |
| 18:42 | carlar · first_building Stable |
| 19:51 | miguelpc89 · first_building Barracks |
| 20:24 | carlar · first_market_buy 100 stone |
| 20:34 | carlar · age_up castle |
| 20:40 | miguelpc89 · first_building Stable |
| 24:37 | JC · first_market_buy 100 wood |
| 25:32 | Marcusscus · first_building Castle |
| 25:37 | Huesped Maldito · first_building Archery Range |
| 25:53 | Sniper_Wolf · first_building Monastery |
| 26:07 | ReBeL_persi · first_building Castle |
| 27:32 | ReBeL_persi · first_building Stable |
| 27:37 | carlar · first_building Castle |
| 27:50 | carlar · first_building Monastery |
| 28:47 | Manuel24 · first_market_sell 100 food |
| 29:18 | Manuel24 · first_building Barracks |
| 30:01 | Manuel24 · first_building Stable |
| 30:17 | ReBeL_persi · age_up imperial |
| 30:19 | Sniper_Wolf · first_building Castle |
| 30:34 | Marcusscus · first_market_buy 100 food |
| 30:59 | miguelpc89 · first_building Siege Workshop |
| 31:00 | ReBeL_persi · first_market_sell 100 food |
| 31:59 | Manuel24 · age_up imperial |
| 32:02 | carlar · age_up imperial |
| 33:07 | Marcusscus · first_building Barracks |
| 33:13 | miguelpc89 · age_up imperial |
| 33:51 | Marcusscus · age_up imperial |
| 34:24 | Huesped Maldito · first_building Castle |
| 35:03 | miguelpc89 · first_building Castle |
| 35:39 | Huesped Maldito · age_up imperial |
| 36:50 | Huesped Maldito · resign |
[ AI ANALYSIS · 1 CREDIT ]
What really happened in this match?
Wolo.gg analyzes every decision: build order, eco, micro, common mistakes by bracket. Personalized analysis on WhatsApp or Discord in 30 seconds.
Civ guide
Khmer
Perfil
Jugador #248337